Map: Eternal Empire LE

Players

Clem

  • Race: Terran Terran
  • Spawn Location: 1:00

Hurricane - Winner!

  • Race: Protoss Protoss
  • Spawn Location: 7:00

Event: IEM Katowice 2020

VOD

Have the link to the VOD?

Description

Time

  • Played on: Feb. 25, 2020, 5:30 a.m.
  • Length: 17:42

All games in this series

Show
View Real Time Build Order
Export as new Build Order

Clem Terran 

Build Orders: Reaper Expand 

Get SALT Encoding   

  12  0:00  SCV  
  13  0:12  SCV  
  14  0:17  Supply Depot  
  14  0:24  SCV  
  15  0:38  SCV  
  15  0:39  Barracks  
  16  0:45  Refinery  
  16  0:50  SCV  
  17  1:03  SCV  
  18  1:15  SCV  
  19  1:27  Orbital Command  
  19  1:28  Reaper  
  20  1:44  Command Center  
  20  1:50  Supply Depot  
  20  1:54  SCV  
  20  2:00  Marine  
  22  2:08  Bunker  
  22  2:10  SCV  
  22  2:12  Factory  
  23  2:18  Refinery  
  23  2:22  Barracks Reactor  
  23  2:23  SCV  
  24  2:35  SCV  
  25  2:47  SCV  
  26  2:56  Hellion, Starport  
  26  2:58  Marine x2  
  28  2:59  SCV  
  28  3:01  Orbital Command  
  31  3:11  SCV  
  32  3:16  Marine x2  
  32  3:17  Widow Mine  
  36  3:23  SCV  
  36  3:24  Supply Depot  
  37  3:28  SCV  
  37  3:32  Medivac  
  40  3:35  SCV  
  40  3:37  Marine x2  
  40  3:39  Widow Mine  
  45  3:42  SCV  
  45  3:48  SCV  
  46  3:54  SCV  
  47  3:59  Engineering Bay  
  47  4:00  SCV  
  48  4:02  Viking  
  48  4:03  Factory Tech Lab  
  48  4:06  Supply Depot  
  48  4:07  Marine x2  
  48  4:09  Bunker  
  52  4:16  SCV  
  53  4:24  Supply Depot  
  53  4:25  SCV  
  53  4:27  Missile Turret  
  53  4:28  Cyclone  
  53  4:29  SCV  
  58  4:33  Marine x2  
  58  4:37  SCV  
  61  4:42  SCV  
  61  4:45  Liberator  
  65  4:47  Supply Depot  
  65  4:50  SCV  
  66  4:55  SCV  
  67  5:03  Command Center  
  67  5:05  SCV  
  68  5:09  Siege Tank  
  68  5:13  SCV, Supply Depot  
  70  5:15  Marine  
  70  5:16  Marine  
  70  5:21  SCV  
  73  5:24  Barracks  
  73  5:27  Barracks  
  73  5:29  SCV  
  73  5:30  Starport Tech Lab  
  73  5:33  Marine  
  73  5:34  Marine  
  73  5:35  SCV  
  77  5:38  Refinery x2  
  77  5:42  Terran Infantry Weapons Level 1  
  77  5:46  Engineering Bay  
  77  5:48  SCV  
  78  5:51  SCV, Marine x2  
  78  5:54  Factory Reactor  
  78  5:56  Starport Reactor  
  81  6:00  SCV  
  81  6:01  Supply Depot  
  82  6:08  SCV  
  82  6:09  Marine x2  
  76  6:12  SCV, Marine  
  76  6:14  Marine  
  58  6:26  Marine  
  58  6:31  SCV  
  58  6:32  SCV  
  59  6:39  Orbital Command  
  59  6:44  SCV  
  59  6:47  Stimpack  
  59  6:48  SCV  
  60  6:56  SCV  
  60  6:57  Widow Mine x2  
  60  7:00  SCV  
  66  7:02  Terran Infantry Armor Level 1  
  66  7:03  Combat Shield  
  66  7:06  Marine x2  
  68  7:09  Marauder  
  68  7:11  Marauder  
  68  7:14  SCV x2  
  68  7:15  SCV  
  75  7:18  Medivac  
  75  7:22  Widow Mine x2  
  81  7:25  Supply Depot  
  81  7:26  SCV  
  81  7:27  Marine x2  
  84  7:30  SCV  
  84  7:31  SCV  
  84  7:34  Supply Depot, Marauder  
  90  7:37  Marauder  
  90  7:40  SCV  
  90  7:42  SCV  
  91  7:47  Armory  
  91  7:53  SCV  
  91  7:55  SCV  
  91  7:56  Marauder  
  91  7:57  SCV, Barracks  
  91  7:58  Barracks  
  96  8:05  Widow Mine x2  
  100  8:06  SCV  
  100  8:08  Marine x2  
  100  8:10  Marauder  
  105  8:19  Medivac x2  
  109  8:25  Ghost Academy  
  109  8:27  Concussive Shells  
  109  8:30  Marine x2  
  109  8:33  Marauder  
  105  8:35  SCV  
  105  8:38  Orbital Command  
  105  8:40  Widow Mine x2  
  108  8:46  SCV  
  108  8:48  Barracks Reactor, Barracks Tech Lab  
  109  8:49  Marauder  
  109  8:50  Marine  
  109  8:54  Marine  
  109  8:55  Marauder  
  106  9:07  SCV, Widow Mine x2  
  106  9:09  SCV  
  110  9:13  Marine x2  
  110  9:16  Supply Depot  
  114  9:21  SCV  
  115  9:24  SCV  
  115  9:25  SCV  
  118  9:32  Marine x2  
  118  9:34  SCV  
  117  9:38  Unknown, Marine x2  
  117  9:42  SCV  
  122  9:47  SCV  
  122  9:48  Unknown  
  123  9:53  Command Center  
  123  9:54  Supply Depot  
  123  9:55  SCV, Refinery  
  123  9:56  SCV  
  123  9:59  SCV, Unknown  
  126  10:00  Terran Infantry Weapons Level 2  
  126  10:06  Marine x3  
  126  10:07  Unknown, Marauder, Marine  
  129  10:12  Supply Depot  
  132  10:16  Marauder  
  132  10:17  Terran Infantry Armor Level 2, Refinery  
  132  10:20  SCV x3  
  137  10:26  Supply Depot  
  137  10:27  Marine x3  
  140  10:28  Marine  
  140  10:32  SCV  
  139  10:43  SCV, Marauder  
  139  10:48  Missile Turret  
  139  10:49  Missile Turret  
  142  10:53  Barracks  
  142  10:54  Marine x3, Barracks  
  142  10:55  Barracks  
  145  10:58  Supply Depot  
  145  11:02  Medivac  
  145  11:03  Medivac  
  149  11:10  SCV x3  
  151  11:13  Marine  
  151  11:14  Marine x3  
  155  11:21  Marauder  
  155  11:23  SCV  
  152  11:28  Starport  
  152  11:30  Marauder  
  148  11:34  Medivac  
  138  11:41  Marine x4  
  138  11:42  Marauder  
  138  11:43  SCV  
  138  11:45  SCV  
  122  11:47  SCV  
  122  11:51  Medivac  
  122  11:52  Marine x2  
  122  11:53  SCV  
  128  11:59  SCV  
  127  12:04  Medivac  
  127  12:06  Planetary Fortress  
  122  12:08  Barracks Tech Lab x2  
  122  12:10  Marine  
  122  12:11  SCV, Marine  
  123  12:16  Marauder x2  
  123  12:20  Marine  
  123  12:21  SCV, Marine  
  132  12:25  Barracks Reactor  
  132  12:27  Viking x2  
  132  12:28  Marine x2  
  138  12:31  SCV x2  
  138  12:34  SCV  
  141  12:39  Enhanced Shockwaves  
  141  12:43  SCV  
  141  12:44  Unknown, Marine x2  
  144  12:45  Viking  
  144  12:48  Viking  
  144  12:51  SCV  
  151  12:52  Unknown, Sensor Tower  
  151  12:53  Supply Depot  
  151  12:54  SCV x2  
  151  12:58  Refinery  
  153  13:03  Viking x2  
  153  13:05  SCV  
  157  13:06  Unknown  
  161  13:13  Marauder x4  
  161  13:16  Terran Ship Weapons Level 1  
  161  13:17  Supply Depot  
  163  13:23  Terran Infantry Weapons Level 3  
  163  13:27  Marine  
  163  13:28  Marauder, Marine  
  163  13:30  Supply Depot  
  167  13:34  SCV, Marauder  
  167  13:40  Marauder x2  
  167  13:42  Viking  
  167  13:47  Viking  
  171  13:50  Marauder  
  175  13:55  Marauder  
  175  14:00  Viking, Command Center  
  175  14:01  Marine x2  
  175  14:02  Unknown  
  173  14:06  SCV x3  
  165  14:10  SCV  
  165  14:14  Marauder  
  163  14:19  Viking x2, Marine x2  
  165  14:24  SCV  
  165  14:28  Liberator  
  165  14:30  SCV  
  158  14:35  Marauder x2  
  152  14:41  SCV x2  
  143  14:45  Viking  
  143  14:49  Viking  
  143  14:51  Unknown  
  141  14:57  Marauder  
  141  14:58  Marauder x2  
  140  15:00  Marine  
  140  15:01  Marine x3  
  140  15:05  Viking  
  145  15:11  Viking, Marine x2  
  149  15:16  Viking, Unknown  
  149  15:17  Marauder  
  149  15:18  Unknown  
  146  15:28  Orbital Command  
  135  15:39  Marine  
  135  15:40  Marine x2  
  135  15:41  Marauder  
  134  15:46  Marine x2  
  133  15:51  Unknown  
  133  15:54  Liberator  
  133  15:56  SCV, Marauder  
  116  16:02  Marine  
  116  16:03  Unknown  
  117  16:16  Liberator x2  
  123  16:27  Marine x2  
  123  16:28  Marine x3  
  130  16:34  Marine x2  
  130  16:36  Marauder  
  131  16:43  Liberator  
  131  16:44  Marine  
  131  16:45  Marauder  
  134  16:55  Unknown  
  134  16:58  Liberator  
  134  16:59  Marine x5  
  142  17:04  Refinery  
  142  17:06  Orbital Command  
  126  17:16  Marauder x2, Marine x3  
  126  17:18  Marine x2  
  126  17:20  Unknown  
  123  17:24  Marine  
Show
View Real Time Build Order
Export as new Build Order

Hurricane Protoss - Winner!

Build Orders: 1 Gate Expand, Oracle Opening, Dark Templar Rush 

Get SALT Encoding   

  12  0:00  Probe  
  13  0:12  Probe  
  14  0:17  Pylon  
  14  0:24  Probe (Chrono Boost)  
  16  0:36  Probe (Chrono Boost), Gateway  
  16  0:43  Probe (Chrono Boost)  
  16  0:46  Assimilator  
  17  0:51  Probe  
  18  1:03  Probe  
  19  1:15  Probe  
  20  1:23  Nexus  
  20  1:33  Cybernetics Core  
  20  1:36  Probe  
  21  1:41  Assimilator  
  21  1:48  Probe  
  21  1:52  Pylon  
  22  2:00  Probe  
  23  2:07  Adept (Chrono Boost)  
  23  2:10  Warp Gate  
  23  2:12  Probe  
  26  2:24  Twilight Council, Probe (Chrono Boost)  
  27  2:34  Sentry  
  27  2:35  Probe (Chrono Boost)  
  27  2:36  Probe (Chrono Boost)  
  32  2:44  Probe (Chrono Boost)  
  32  2:45  Probe (Chrono Boost)  
  32  2:49  Probe (Chrono Boost)  
  32  2:50  Probe  
  35  3:00  Oracle  
  35  3:01  Probe  
  35  3:02  Probe  
  35  3:04  Dark Shrine  
  37  3:10  Stalker (Chrono Boost)  
  39  3:14  Probe, Pylon  
  39  3:15  Probe  
  41  3:22  Gateway  
  41  3:26  Probe  
  43  3:27  Probe  
  43  3:32  Gateway  
  43  3:35  Stalker  
  43  3:39  Probe x2  
  47  3:51  Probe  
  47  3:53  Probe  
  47  4:02  Charge (Chrono Boost)  
  46  4:03  Probe  
  46  4:04  Robotics Facility  
  47  4:17  Gateway  
  47  4:18  Gateway  
  47  4:21  Gateway  
  47  4:23  Probe  
  49  4:24  Pylon  
  49  4:25  Gateway  
  49  4:30  Zealot x2  
  53  4:33  Zealot  
  53  4:36  Pylon  
  54  4:42  Probe x2, Assimilator  
  56  4:51  Zealot x2  
  60  4:53  Zealot  
  60  4:54  Warp Prism (Chrono Boost)  
  64  5:05  Templar Archives  
  64  5:10  Pylon  
  64  5:13  Zealot x2  
  68  5:16  Zealot  
  68  5:19  Pylon  
  71  5:28  Observer  
  71  5:35  Zealot x3  
  77  5:44  Zealot  
  77  5:45  Zealot x3  
  85  5:52  Pylon  
  85  5:57  Pylon  
  83  6:09  Zealot x4  
  83  6:10  Zealot, High Templar  
  83  6:11  High Templar  
  73  6:22  Observer  
  67  6:26  Psionic Storm  
  67  6:32  Nexus  
  61  6:38  Probe (Chrono Boost)  
  60  6:40  Probe (Chrono Boost)  
  60  6:45  Immortal  
  60  6:46  High Templar x2  
  65  6:50  Probe (Chrono Boost)  
  65  6:52  Probe (Chrono Boost)  
  65  6:53  High Templar x2  
  71  6:59  Probe (Chrono Boost)  
  71  7:00  Probe (Chrono Boost)  
  73  7:02  Forge  
  73  7:04  Probe  
  73  7:05  Forge  
  74  7:10  Probe  
  74  7:11  High Templar x2  
  74  7:14  Zealot  
  81  7:16  Probe  
  81  7:19  Zealot  
  81  7:22  Probe  
  85  7:23  Assimilator  
  85  7:28  Probe, Observer  
  87  7:34  Probe  
  87  7:36  Assimilator  
  88  7:40  Assimilator  
  88  7:41  Probe, Zealot  
  88  7:42  Zealot x2  
  95  7:45  Protoss Ground Weapons Level 1 (Chrono Boost)  
  95  7:46  Probe x2  
  95  7:47  Protoss Ground Armor Level 1 (Chrono Boost)  
  95  7:49  Observer  
  97  7:53  Probe  
  98  8:00  Stalker x2  
  98  8:02  Probe  
  103  8:06  Stalker  
  103  8:11  Probe x2  
  106  8:14  Stalker  
  106  8:16  Stalker  
  106  8:21  Stalker, Blink (Chrono Boost)  
  106  8:23  Probe x2  
  102  8:38  Probe  
  102  8:39  Probe x2  
  106  8:41  Observer  
  106  8:47  Stalker, Zealot x2  
  106  8:48  Stalker x2  
  116  8:51  Pylon  
  112  8:56  Stalker x2  
  112  9:01  Pylon  
  116  9:09  Observer  
  116  9:11  Robotics Facility, High Templar  
  116  9:13  Robotics Bay  
  116  9:15  Probe  
  119  9:24  Observer  
  117  9:25  High Templar x2  
  117  9:30  Shield Battery, Photon Cannon  
  117  9:31  Nexus  
  121  9:39  Archon  
  119  9:50  Probe x2, Protoss Ground Weapons Level 2 (Chrono Boost), Protoss Ground Armor Level 2 (Chrono Boost)  
  119  9:51  Probe  
  121  9:53  Pylon x2  
  121  9:55  Observer  
  121  9:56  Sentry, Pylon  
  121  9:59  Zealot x3  
  129  10:00  Zealot x2  
  129  10:04  Extended Thermal Lance  
  133  10:09  Pylon  
  133  10:12  Observer  
  133  10:13  Colossus (Chrono Boost)  
  139  10:18  Probe  
  146  10:25  Zealot  
  146  10:26  Colossus (Chrono Boost)  
  137  10:50  Probe x4  
  137  10:52  Assimilator, High Templar x2  
  137  10:53  Assimilator  
  137  10:55  Gateway  
  145  10:57  Gateway, High Templar  
  145  10:59  Gateway  
  145  11:00  High Templar  
  145  11:02  Pylon  
  147  11:07  Warp Prism  
  147  11:08  Zealot x3  
  155  11:14  Colossus  
  161  11:29  Archon  
  161  11:30  Zealot x6  
  119  11:50  Stalker x3  
  119  11:51  Zealot x4  
  106  12:04  Colossus (Chrono Boost)  
  106  12:05  Colossus (Chrono Boost)  
  110  12:27  Sentry, Nexus  
  110  12:28  High Templar x3  
  110  12:29  High Templar  
  120  12:34  Probe x3  
  123  12:37  Pylon  
  123  12:40  Pylon  
  123  12:47  Stalker x2  
  123  12:50  Zealot  
  123  12:51  Zealot x2  
  133  12:54  Zealot  
  133  13:08  Immortal  
  133  13:10  Probe x3  
  138  13:12  High Templar  
  138  13:14  Stalker  
  138  13:19  Zealot  
  142  13:20  Zealot x2  
  144  13:27  Protoss Ground Weapons Level 3  
  136  13:47  Zealot x7  
  148  13:56  Immortal  
  152  14:09  Zealot x3  
  152  14:10  Zealot x3  
  152  14:13  Probe x2  
  144  14:31  Stalker x5  
  144  14:32  Stalker  
  144  14:37  Probe  
  147  14:41  Probe x2  
  141  14:46  Disruptor  
  141  14:47  Disruptor  
  141  14:48  Probe  
  141  14:49  Probe  
  145  14:53  Probe  
  142  15:01  Pylon  
  140  15:24  Disruptor (Chrono Boost)  
  140  15:25  Disruptor (Chrono Boost)  
  120  15:43  Probe  
  120  15:47  Archon  
  107  15:58  Colossus (Chrono Boost)  
  107  16:00  Stalker x2, Sentry, High Templar x4  
  107  16:01  Stalker x2  
  133  16:04  Colossus (Chrono Boost)  
  133  16:09  Assimilator x2  
  133  16:14  Gateway  
  133  16:22  Nexus  
  133  16:23  Pylon  
  133  16:25  Zealot x5  
  139  16:44  Stalker x3  
  139  16:45  Stalker  
  141  16:57  Zealot x5  
  151  17:05  Photon Cannon  
  151  17:06  Photon Cannon  
  151  17:08  Shield Battery  
  143  17:20  Archon  
  134  17:24  Stalker x4  
  134  17:25  Zealot x5  

Tags
 
Add a new tag
Caveats
  • Supply blocks, unpowered buildings, or Contaminate may cause inaccurate times.
  • Supply counts are checked every 10 seconds.